 Dungeon Crawl Stone Soup version 0.19-a0-442-g8935a21 (webtiles) character file.

54 Ordine the Changer (level 3, 0/23 HPs)
             Began as an Octopode Transmuter on June 1, 2016.
             Succumbed to an adder's poison
             ... on level 2 of the Dungeon.
             The game lasted 00:01:52 (863 turns).

Ordine the Changer (Octopode Transmuter)             Turns: 863, Time: 00:01:52

Health: 0/23       AC:  2    Str:  9    XL:     3   Next: 91%
Magic:  4/6        EV: 19    Int: 16    God:
Gold:   95         SH:  0    Dex: 17    Spells: 2 memorised, 2 levels left

rFire  . . .     SeeInvis .       - Unarmed
rCold  . . .     Gourm    .     (shield currently unavailable)
rNeg   . . .     Faith    .     (helmet currently unavailable)
rPois  x         Spirit   .     (no amulet)
rElec  .         Dismiss  .     (no ring)
rCorr  .         Reflect  .     (no ring)
SustAt .         Harm     .     (no ring)
MR     .....                    (no ring)
Stlth  ++........               (no ring)
                                (no ring)
                                (no ring)
                                (no ring)

@: lethally poisoned (0 -> -8), spider-form, not resistant to hostile
enchantments, unstealthy
A: almost no armour, (amphibious), 8 rings, (constrict 8), (camouflage 0),
(gelatinous body 0)
a: End Transformation


You were on level 2 of the Dungeon.
You were not hungry.
You were a venomous arachnid creature.
You visited 1 branch of the dungeon, and saw 2 of its levels.

You collected 95 gold pieces.

Inventory:

Potions
 a - a potion of cure mutation
 e - a potion of flight
Books
 b - a book of Changes

   Spells                             Type                      Level
   a - Beastly Appendage              Transmutation                1
   b - Sticks to Snakes               Transmutation                2
   c - Spider Form                    Transmutation/Poison         3
   d - Ice Form                       Ice/Transmutation            4
   e - Blade Hands                    Transmutation                5
Comestibles
 c - a bread ration


   Skills:
 - Level 1.0 Fighting
 - Level 2.0 Dodging
 - Level 3.0 Unarmed Combat
 - Level 2.0 Spellcasting
 + Level 4.0 Transmutations


You had 2 spell levels left.
You knew the following spells:

 Your Spells              Type           Power        Failure   Level  Hunger
a - Spider Form           Tmut/Pois      #.........   50%         3    ###....
b - Beastly Appendage     Tmut           ##....       14%         1    #......


Dungeon Overview and Level Annotations

Branches:
Dungeon (2/15)

Altars:

Annotations:
D:2 Sigmund


Innate Abilities, Weirdness & Mutations

You cannot wear most types of armour.
((You are amphibious.))
You can wear up to eight rings at the same time.
((You can use your tentacles to constrict eight enemies at once.))
((Your skin changes colour to match your surroundings (Stealth+).))
((Your rubbery body absorbs attacks. (AC +1)))


Message History

* * * LOW HITPOINT WARNING * * *
Sigmund completely misses you.
It was a potion of cure mutation.
It has a very clean taste.
The adder bites you.
* * * LOW HITPOINT WARNING * * *
You are lethally poisoned!
The adder poisons you! The adder completely misses you.
As you read the scroll labeled CIXZIT ANUO, it crumbles to dust.
You feel blessed for a moment.
It was a scroll of remove curse.
* * * LOW HITPOINT WARNING * * *
You feel sick. Sigmund completely misses you.
The adder bites you but does no damage.
All of the chunks of flesh in your inventory have rotted away.
You hit Sigmund.
Sigmund is poisoned.
Sigmund is lightly wounded.
The adder misses you.
Sigmund zaps a wand.
The puff of flame misses you.
It is a wand of flame.
You barely miss Sigmund.
Sigmund is lightly wounded.
You die...

######## #......#
#.####.###
###########.#......#
#.@s..........##.#.#
.......#S##.###.####.#.#
.####..#.##.# #.# #.#.#
......##.# #.. ..#.#
#.#..####.# #### ###.#
#.#.. ..# ###.# . ...
### #...# # .### #.###
#.#


You could see Sigmund and an adder.

Vanquished Creatures
  Jessica (D:2)
  An adder (D:2)
  An ooze (D:2)
  A dart slug (D:1)
  2 giant cockroaches
  A goblin (D:2)
  2 hobgoblins (D:1)
  2 jackals (D:1)
  2 bats (D:1)
  A rat (D:1)
14 creatures vanquished.

Notes
Turn   | Place    | Note
--------------------------------------------------------------
     0 | D:1      | Ordine the Octopode Transmuter began the quest for the Orb.
     0 | D:1      | Reached XP level 1. HP: 13/13 MP: 3/3
   220 | D:1      | Reached XP level 2. HP: 16/18 MP: 5/5
   422 | D:2      | Noticed Jessica
   430 | D:2      | Reached skill level 3 in Transmutations
   523 | D:2      | Killed Jessica
   523 | D:2      | Reached XP level 3. HP: 19/23 MP: 4/6
   535 | D:2      | Learned a level 3 spell: Spider Form
   620 | D:2      | Reached skill level 4 in Transmutations
   851 | D:2      | Noticed Sigmund
   861 | D:2      | HP: 1/23 [poisoned by an adder]
   863 | D:2      | Succumbed to an adder's poison

Vault maps used:
D:1:      zaba_arrival_water, serial_glass, glass_columns_a, glass_columns_a
D:2:      uniq_jessica, uniq_sigmund, uniq_robin

Skill      XL: |  1  2  3 |
---------------+----------+-----
Transmutations | 3 4 |  4.0
Fighting       | |  1.0
Dodging        | |  2.0
Unarmed Combat | |  3.0
Spellcasting   | |  2.0

Action                   || total
-------------------------++-------
Melee: Unarmed           ||    46
       Constrict         ||     9
       Tentacles         ||     9
       Kick              ||     2
 Cast: Beastly Appendage ||     1
       Spider Form       ||     1
  Use: Scroll            ||     4
       Potion            ||     1
 Stab: Sleeping          ||     3
Armor: Skin              ||     8
Dodge: Dodged            ||    28
